[Event "Baden Youth-ch 2020"]
[Site "Karlsruhe-Durlach"]
[Date "2020.01.02"]
[Round "1.4"]
[White "Stefan, Michael"]
[Black "Dobrikov, Marco"]
[Result "0-1"]
[ECO "D04"]
[WhiteElo "1566"]
[BlackElo "2291"]
[Annotator "ChessBase"]
[PlyCount "68"]
[EventDate "2020.01.02"]
[EventType "swiss"]
[EventCountry "GER"]
[SourceTitle "playchess.com"]
[Source "ChessBase"]
[SourceQuality "1"]
[TimeControl "5400+30"]

1. Nf3 c5 2. b3 Nc6 3. Bb2 d5 4. e3 Nf6 5. d4 cxd4 6. Nxd4 Qd6 7. Nb5 Qd8 8. c4 a6 9. Nd4 Bg4 10. f3 Bd7 11. Nd2 e6 12. a3 Bd6 13. Bd3 O-O 14. O-O Qc7 15. f4 Nxd4 16. Bxd4 e5 17. fxe5 Bxe5 18. Rxf6 Bxf6 19. Bxf6 gxf6 20. Qh5 Rfe8 21. Rf1 Qe5 22. Bxh7+ Kg7 23. Bf5 Bxf5 24. Rxf5 Qxe3+ 25. Kh1 Qxd2 26. Qg4+ Kf8 27. h3 Re1+ 28. Kh2 Qd1 29. Qh4 Rh1+ 30. Kg3 Qe1+ 31. Kg4 Qxh4+ 32. Kxh4 dxc4 33. bxc4 Ke7 34. Rc5 Rd8 0-1

[Event "Baden Youth-ch 2020"]
[Site "Karlsruhe-Durlach"]
[Date "2020.01.02"]
[Round "1.5"]
[White "Wu, Luka"]
[Black "Divry, Alexandre"]
[Result "1-0"]
[ECO "C42"]
[WhiteElo "2057"]
[BlackElo "1539"]
[Annotator "NA"]
[PlyCount "86"]
[EventDate "2020.01.02"]
[EventType "swiss"]
[EventCountry "GER"]
[SourceTitle "playchess.com"]
[Source "ChessBase"]
[SourceQuality "1"]
[TimeControl "5400+30"]

1. e4 e5 2. Nf3 Nf6 3. Nxe5 d6 4. Nf3 Nxe4 5. d4 d5 6. Bd3 Be7 7. c4 Bb4+ 8. Nbd2 O-O 9. O-O Nxd2 10. Bxd2 Bxd2 11. Qxd2 Nd7 12. cxd5 Nf6 13. Qc2 h6 14. Bc4 Nxd5 15. Bxd5 Qxd5 16. Qxc7 Bf5 17. Qc5 Rfd8 18. Rfe1 Be4 19. Qxd5 Bxd5 20. Ne5 Rac8 21. h3 Rc2 22. b3 f6 23. Ng4 Bc6 24. Red1 Be4 25. Ne3 Rc7 26. Rd2 Bd5 27. f3 Kf7 28. Kf2 b6 29. Re1 Rcd7 30. h4 Be6 31. Red1 Bd5 32. g4 Kf8 33. Kg3 Bg8 34. d5 Rd6 35. f4 g6 36. Rd4 b5 37. R1d2 Bf7 38. g5 hxg5 39. fxg5 fxg5 40. hxg5 a5 41. Kf4 Rc8 42. Rd1 Ke7 43. R4d2 Rh8 1-0

[Event "Baden Youth-ch 2020"]
[Site "Karlsruhe-Durlach"]
[Date "2020.01.02"]
[Round "1.7"]
[White "Schmider, Niklas"]
[Black "Simbikangwa, Philippe"]
[Result "1-0"]
[ECO "B08"]
[WhiteElo "2298"]
[BlackElo "1865"]
[Annotator "ChessBase"]
[PlyCount "78"]
[EventDate "2020.01.02"]
[EventType "swiss"]
[EventCountry "GER"]
[SourceTitle "playchess.com"]
[Source "ChessBase"]
[SourceQuality "1"]
[TimeControl "5400+30"]

1. e4 g6 2. d4 Bg7 3. Nc3 d6 4. Nf3 Nf6 5. Be3 O-O 6. Qd2 c6 7. Bd3 Qc7 8. h3 Nbd7 9. Ne2 e5 10. dxe5 dxe5 11. O-O Re8 12. a4 Nf8 13. Ng3 Ne6 14. Rfd1 b6 15. a5 b5 16. c4 bxc4 17. Bxc4 Bf8 18. Qc3 Nd7 19. Rac1 Rb8 20. Bf1 c5 21. Ng5 Nxg5 22. Bxg5 h6 23. Be3 Qb7 24. Rd2 Qb4 25. f3 h5 26. Ne2 Qa4 27. Rdd1 Ba6 28. Qd2 Bxe2 29. Bxe2 Nf6 30. Bc4 Rb4 31. Ra1 Qc6 32. b3 Be7 33. Qf2 Rbb8 34. Qg3 Nh7 35. Rd5 Bf8 36. Rad1 Rb7 37. Rxe5 h4 38. Qf4 Rxe5 39. Qxe5 Nf6 1-0

[Event "Baden Youth-ch 2020"]
[Site "Karlsruhe-Durlach"]
[Date "2020.01.02"]
[Round "1.8"]
[White "Schwab, Norman"]
[Black "Doll, Alexander"]
[Result "0-1"]
[ECO "C47"]
[WhiteElo "1777"]
[BlackElo "2127"]
[Annotator "ChessBase"]
[PlyCount "66"]
[EventDate "2020.01.02"]
[EventType "swiss"]
[EventCountry "GER"]
[SourceTitle "playchess.com"]
[Source "ChessBase"]
[SourceQuality "1"]
[TimeControl "5400+30"]

1. e4 e5 2. Nf3 Nc6 3. Nc3 Nf6 4. d4 exd4 5. Nxd4 Bb4 6. Nxc6 bxc6 7. Bd3 d5 8. exd5 O-O 9. O-O cxd5 10. h3 c6 11. Qf3 Rb8 12. Bf4 Bd6 13. b3 Rb7 14. Ba6 Re7 15. Bxc8 Bxf4 16. Qxf4 Qxc8 17. Rfe1 Rfe8 18. Qd2 Qf5 19. Rxe7 Rxe7 20. Rd1 h5 21. Ne2 Ne4 22. Nd4 Qf6 23. Qe3 c5 24. Nf3 Nc3 25. Qd2 Nxd1 26. Qxd1 Qe6 27. Qc1 g6 28. Qh6 a5 29. Ng5 Qe1+ 30. Kh2 Qe5+ 31. Kg1 Qa1+ 32. Kh2 Qg7 33. Qxg7+ Kxg7 0-1

[Event "Baden Youth-ch 2020"]
[Site "Karlsruhe-Durlach"]
[Date "2020.01.02"]
[Round "1.9"]
[White "Wagner, Lena"]
[Black "Ehmann, Johanna"]
[Result "0-1"]
[ECO "D00"]
[WhiteElo "1289"]
[BlackElo "1846"]
[Annotator "NA"]
[PlyCount "90"]
[EventDate "2020.01.02"]
[EventType "swiss"]
[EventCountry "GER"]
[SourceTitle "playchess.com"]
[Source "ChessBase"]
[SourceQuality "1"]
[TimeControl "5400+30"]

1. d4 d5 2. Nf3 e6 3. Nc3 Nf6 4. g3 Nc6 5. Bg2 a6 6. O-O Be7 7. Bf4 O-O 8. a3 b5 9. b4 Rb8 10. Rb1 Ne4 11. Nxe4 dxe4 12. Ne5 Nxe5 13. dxe5 Bb7 14. Qc1 c5 15. c4 bxc4 16. Qxc4 Bd5 17. Qxa6 Ra8 18. Qb5 Qc7 19. e3 c4 20. Rfd1 Rfb8 21. Qxb8+ Rxb8 22. Rd4 Qc6 23. Rc1 c3 24. Bf1 c2 25. Kg2 Qc3 26. Be2 Qb2 27. Re1 c1=Q 28. Rxc1 Qxc1 29. h4 h6 30. a4 Rxb4 31. Rxb4 Bxb4 32. a5 Bxa5 33. g4 Qc2 34. Kf1 Bc4 35. Bxc4 Qxc4+ 36. Kg2 Qe2 37. g5 hxg5 38. hxg5 Qf3+ 39. Kg1 Kh7 40. Bg3 Kg6 41. Bf4 Kh5 42. g6 fxg6 43. Kf1 Kg4 44. Bh2 Kh3 45. Bg3 Qd1# 0-1

[Event "Baden Youth-ch 2020"]
[Site "Karlsruhe-Durlach"]
[Date "2020.01.02"]
[Round "1.10"]
[White "Schneider, Xenia"]
[Black "Grining, Maria"]
[Result "1-0"]
[ECO "B15"]
[WhiteElo "1332"]
[BlackElo "1744"]
[Annotator "NA"]
[PlyCount "35"]
[EventDate "2020.01.02"]
[EventType "swiss"]
[EventCountry "GER"]
[SourceTitle "playchess.com"]
[Source "ChessBase"]
[SourceQuality "1"]
[TimeControl "5400+30"]

1. e4 c6 2. d4 d5 3. Nc3 dxe4 4. Nxe4 Nf6 5. Nxf6+ exf6 6. Bc4 Bd6 7. Qh5 Qe7+ 8. Ne2 O-O 9. Bd3 g6 10. Qh4 Be6 11. Bh6 Re8 12. O-O c5 13. c3 Nc6 14. f4 f5 15. Bg5 Qd7 16. Rf3 cxd4 17. Bf6 Be7 18. Qxh7+ 1-0

[Event "Baden Youth-ch 2020"]
[Site "Karlsruhe-Durlach"]
[Date "2020.01.03"]
[Round "2.3"]
[White "Schulz, Hannah"]
[Black "Schneider, Anna"]
[Result "0-1"]
[ECO "D32"]
[WhiteElo "1588"]
[BlackElo "1758"]
[Annotator "NA RC"]
[PlyCount "58"]
[EventDate "2020.01.02"]
[EventType "swiss"]
[EventCountry "GER"]
[SourceTitle "playchess.com"]
[Source "ChessBase"]
[SourceQuality "1"]
[TimeControl "5400+30"]

1. d4 d5 2. c4 e6 3. Nc3 c5 4. cxd5 cxd4 5. Qa4+ Qd7 6. dxe6 Qxa4 7. exf7+ Kxf7 8. Nxa4 b5 9. Nc3 dxc3 10. bxc3 Nf6 11. e3 a6 12. Nf3 Nc6 13. Nd4 Bd7 14. Bd3 Bc5 15. a3 Rhe8 16. O-O Kg8 17. Nxc6 Bxc6 18. c4 b4 19. axb4 Bxb4 20. Ba3 a5 21. Rfb1 Rab8 22. h3 Ne4 23. Bxb4 axb4 24. Bxe4 Bxe4 25. Rb2 b3 26. Kf1 Bd3+ 27. Ke1 Bxc4 28. Kd2 Red8+ 29. Kc3 Bd3 0-1

[Event "Baden Youth-ch 2020"]
[Site "Karlsruhe-Durlach"]
[Date "2020.01.03"]
[Round "2.5"]
[White "Schmitt, Daniel"]
[Black "Wu, Luka"]
[Result "1/2-1/2"]
[ECO "B38"]
[WhiteElo "1930"]
[BlackElo "2057"]
[Annotator "NA RC"]
[PlyCount "67"]
[EventDate "2020.01.02"]
[EventType "swiss"]
[EventCountry "GER"]
[SourceTitle "playchess.com"]
[Source "ChessBase"]
[SourceQuality "1"]
[TimeControl "5400+30"]

1. e4 c5 2. Nf3 d6 3. d4 cxd4 4. Nxd4 Nf6 5. f3 g6 6. c4 Bg7 7. Be3 Nc6 8. Qd2 O-O 9. Nc3 Bd7 10. Be2 Qa5 11. O-O Rfc8 12. Rac1 a6 13. Rfd1 Rab8 {[%emt 0:01:09] B38: Sicilian: Maroczy Bind with 5...Bg7 and 7...0-0} 14. Nd5 $2 $146 ({Predecessor:} 14. Nb3 $14 {keeps the upper hand.} Qb4 (14... Qh5 15. Nd5 Nxd5 16. cxd5 Ne5 17. Nd4 f5 18. f4 Ng4 19. h3 fxe4 20. Ne6 Bxe6 21. dxe6 {1-0 (21) Matlak,M (2475)-Nurkiewicz,M (2387) Lubniewice 2005}) 15. c5) 14... Qxd2 15. Rxd2 Nxd5 16. exd5 Nxd4 17. Bxd4 Bh6 18. Rcd1 Bxd2 19. Rxd2 b5 20. cxb5 Bxb5 21. Kf2 e6 22. dxe6 fxe6 23. Bc3 Bxe2 24. Kxe2 Rd8 25. f4 Kf7 26. Rd4 Rbc8 27. Rb4 Rd7 28. Rb6 Ra8 29. Ke3 d5 30. a4 Rad8 31. Bd4 Rd6 $11 (31... a5 $17 32. Ra6 Rg8 33. Rxa5 g5) 32. Rb7+ $1 R8d7 33. Rb8 Rd8 34. Rb7+ 1/2-1/2

[Event "Baden Youth-ch 2020"]
[Site "Karlsruhe-Durlach"]
[Date "2020.01.03"]
[Round "2.6"]
[White "Basovskiy, Jana"]
[Black "Schneider, Katharina"]
[Result "0-1"]
[ECO "C54"]
[WhiteElo "1791"]
[BlackElo "1672"]
[Annotator "NA RC"]
[PlyCount "62"]
[EventDate "2020.01.02"]
[EventType "swiss"]
[EventCountry "GER"]
[SourceTitle "playchess.com"]
[Source "ChessBase"]
[SourceQuality "1"]
[TimeControl "5400+30"]

1. e4 e5 2. Nf3 Nc6 3. Bc4 Bc5 4. c3 Nf6 5. d3 a6 6. Nbd2 Ba7 7. O-O d6 8. Bb3 h6 9. h3 g5 10. Nc4 g4 11. hxg4 Bxg4 12. Ne3 Rg8 13. Nxg4 Nxg4 14. Qe2 Qf6 15. Be3 O-O-O 16. Bxa7 Nxa7 17. Nh2 h5 18. Qf3 Qh4 19. Nxg4 hxg4 20. Qg3 Qh5 21. f3 Rdf8 22. f4 Nc6 23. Bd1 f5 24. Bb3 Rg6 25. fxe5 Nxe5 26. Rxf5 Rxf5 27. exf5 Qxf5 28. Bd1 Nf3+ 29. Kf2 Nh2+ 30. Ke2 Re6+ 31. Kd2 Nf1+ 0-1

[Event "Baden Youth-ch 2020"]
[Site "Karlsruhe-Durlach"]
[Date "2020.01.03"]
[Round "2.9"]
[White "Schneider, Xenia"]
[Black "Wagner, Lena"]
[Result "1-0"]
[ECO "B18"]
[WhiteElo "1332"]
[BlackElo "1289"]
[Annotator "NA RC"]
[PlyCount "45"]
[EventDate "2020.01.02"]
[EventType "swiss"]
[EventCountry "GER"]
[SourceTitle "playchess.com"]
[Source "ChessBase"]
[SourceQuality "1"]
[TimeControl "5400+30"]

1. e4 c6 2. d4 d5 3. Nc3 dxe4 4. Nxe4 Bf5 5. Ng3 Bg6 6. h4 Nf6 7. Nf3 e6 8. h5 Be4 9. Ng5 Bd5 10. c4 c5 11. cxd5 Nxd5 12. Bb5+ Nc6 13. O-O Be7 14. N3e4 Bxg5 15. Bxg5 Qb6 16. dxc5 Qa5 17. Nd6+ Kf8 18. h6 gxh6 19. Bxh6+ Ke7 20. Qh5 Nd8 21. Rfe1 a6 22. Nf5+ Kf6 23. Qg5# 1-0

[Event "Baden Youth-ch 2020"]
[Site "Karlsruhe-Durlach"]
[Date "2020.01.03"]
[Round "2.10"]
[White "Grining, Maria"]
[Black "Ehmann, Johanna"]
[Result "1/2-1/2"]
[ECO "D40"]
[WhiteElo "1744"]
[BlackElo "1846"]
[Annotator "NA RC"]
[PlyCount "44"]
[EventDate "2020.01.02"]
[EventType "swiss"]
[EventCountry "GER"]
[SourceTitle "playchess.com"]
[Source "ChessBase"]
[SourceQuality "1"]
[TimeControl "5400+30"]

1. d4 d5 2. Nf3 e6 3. e3 c5 4. c4 cxd4 5. exd4 Nf6 6. Nc3 Be7 7. Bd3 dxc4 8. Bxc4 O-O 9. O-O a6 10. b3 b5 11. Be2 Bb7 12. Bb2 Nbd7 13. Ne5 Nb6 14. Rc1 Rc8 15. Bf3 Nfd5 16. Ne4 $11 Ba8 17. Nc5 Bg5 18. Ra1 Nc7 19. Nb7 Qe7 20. Nc6 Qd7 21. Ne5 Qe7 22. Nc6 Qd7 1/2-1/2

[Event "Baden Youth-ch 2020"]
[Site "Karlsruhe-Durlach"]
[Date "2020.01.03"]
[Round "3.1"]
[White "Ljuca, Semir"]
[Black "Hecht, Jonas"]
[Result "0-1"]
[ECO "C92"]
[WhiteElo "1397"]
[BlackElo "1754"]
[Annotator "NA"]
[PlyCount "88"]
[EventDate "2020.01.02"]
[EventType "swiss"]
[EventCountry "GER"]
[SourceTitle "playchess.com"]
[Source "ChessBase"]
[SourceQuality "1"]
[TimeControl "5400+30"]

1. e4 e5 2. Nf3 Nc6 3. Bb5 a6 4. Ba4 Nf6 5. O-O d6 6. Re1 b5 7. Bb3 Be7 8. c3 O-O 9. h3 Na5 10. Bc2 c5 11. d3 Qc7 12. Nbd2 Bb7 13. Nf1 Rfe8 14. Ng3 Bf8 15. Bg5 Qd8 16. Qd2 h6 17. Bh4 Bc8 18. b4 cxb4 19. cxb4 Nc6 20. Bb3 Be6 21. Bxe6 fxe6 22. Nh5 Be7 23. Nxf6+ Bxf6 24. Bxf6 Qxf6 25. Rac1 Ne7 26. Re3 Ng6 27. Nh2 Nf4 28. Ng4 Qg5 29. Kh1 h5 30. g3 hxg4 31. gxf4 exf4 32. Rg3 Qh6 33. Rg2 f3 34. Qxh6 fxg2+ 35. Kxg2 gxh6 36. hxg4 Rac8 37. Rh1 Kg7 38. f4 Rc2+ 39. Kg3 Rd2 40. g5 Rxd3+ 41. Kg4 hxg5 42. fxg5 Rf8 43. Rh6 e5 44. a3 Rf4+ 0-1

[Event "Baden Youth-ch 2020"]
[Site "Karlsruhe-Durlach"]
[Date "2020.01.03"]
[Round "3.2"]
[White "Haenselmann, Hendrik"]
[Black "Wehrle, Valentin"]
[Result "1-0"]
[ECO "B85"]
[WhiteElo "1807"]
[BlackElo "1364"]
[Annotator "NA"]
[PlyCount "59"]
[EventDate "2020.01.02"]
[EventType "swiss"]
[EventCountry "GER"]
[SourceTitle "playchess.com"]
[Source "ChessBase"]
[SourceQuality "1"]
[TimeControl "5400+30"]

1. e4 c5 2. Nf3 e6 3. d4 cxd4 4. Nxd4 Nf6 5. Nc3 d6 6. Be2 Be7 7. O-O O-O 8. Be3 a6 9. a4 Bd7 10. f4 Nc6 11. Kh1 Rc8 12. Qe1 {[%emt 0:02:04] B85: Sicilian Scheveningen: 6 Be2 a6, lines with early Be3} Nxd4 13. Bxd4 Bc6 14. Bd3 {[%emt 0:00:48] [#]} d5 $146 ({Predecessor:} 14... Nd7 15. Rd1 Qc7 16. Qg3 e5 17. Be3 Kh8 18. Rf3 Bf6 19. Qh3 Rce8 20. f5 d5 21. exd5 e4 22. Nxe4 Bxd5 23. Nxf6 Nxf6 {1-0 (30) Efimenko,Z (2670)-Predojevic,B (2634) Subotica 2008}) 15. e5 Nd7 16. Qg3 Bc5 17. Ne2 a5 18. f5 exf5 19. e6 ({Weaker is} 19. Rxf5 Qe7 $14) (19. Bxf5 Bxd4 20. Nxd4 Rc7 $18) 19... Bxd4 20. exd7 Bxd7 21. Nxd4 g6 22. Nxf5 Kh8 $2 {[%emt 0:00:44] [#]} (22... Rc6 23. Ne3 Be6) 23. Nd6 $18 {[%emt 0:01:42] Double Attack, Discovered Attack} Rb8 24. Nxf7+ Rxf7 25. Rxf7 Be6 {[%emt 0:00:14] [#]} 26. Rxh7+ $1 Kg8 27. Qxg6+ Kf8 28. Qg7+ Ke8 29. Rh8+ Bg8 30. Bg6# 1-0

[Event "Baden Youth-ch 2020"]
[Site "Karlsruhe-Durlach"]
[Date "2020.01.03"]
[Round "3.3"]
[White "Schneider, Anna"]
[Black "Fischer, Darja"]
[Result "1/2-1/2"]
[ECO "B10"]
[WhiteElo "1758"]
[BlackElo "1546"]
[Annotator "NA"]
[PlyCount "100"]
[EventDate "2020.01.02"]
[EventType "swiss"]
[EventCountry "GER"]
[SourceTitle "playchess.com"]
[Source "ChessBase"]
[SourceQuality "1"]
[TimeControl "5400+30"]

1. e4 c6 2. c4 d5 3. exd5 cxd5 4. cxd5 Nf6 5. Nc3 Nxd5 6. Nf3 Nf6 7. d4 Bg4 8. Bc4 e6 9. Qa4+ Nbd7 10. Ne5 a6 11. Nxg4 Nxg4 12. Qd1 Ngf6 13. O-O Be7 14. Re1 O-O 15. Bb3 Nb6 16. Qf3 Qd7 17. Bg5 Nfd5 18. Nxd5 Nxd5 19. Bxe7 Nxe7 20. Rad1 Rfd8 21. Re2 Nd5 22. Bc2 Rac8 23. Bb1 Rc7 24. Qh3 g6 25. Qh6 Qb5 26. Red2 Rdc8 27. Qh3 Rc1 28. Qf3 Qb4 29. Qe2 Qc4 30. Qe1 Rxd1 31. Rxd1 Qb4 32. Qxb4 Nxb4 33. a3 Nd5 34. g3 Kf8 35. Bd3 Ke7 36. Kf1 Kd6 37. Ke2 Rc6 38. Rd2 f6 39. Rc2 Rxc2+ 40. Bxc2 f5 41. f4 h6 42. Bb3 b6 43. h3 h5 44. Kf3 Kc6 45. Bc4 b5 46. Bb3 Kd6 47. Bc2 Kc6 48. Bb3 Kd6 49. Bc2 Kc6 50. Bb3 Kd6 1/2-1/2

[Event "Baden Youth-ch 2020"]
[Site "Karlsruhe-Durlach"]
[Date "2020.01.03"]
[Round "3.4"]
[White "Wu, Leon"]
[Black "Dobrikov, Marco"]
[Result "0-1"]
[ECO "B94"]
[WhiteElo "2023"]
[BlackElo "2291"]
[Annotator "NA"]
[PlyCount "108"]
[EventDate "2020.01.02"]
[EventType "swiss"]
[EventCountry "GER"]
[SourceTitle "playchess.com"]
[Source "ChessBase"]
[SourceQuality "1"]
[TimeControl "5400+30"]

1. e4 c5 2. Nf3 d6 3. d4 cxd4 4. Nxd4 Nf6 5. Nc3 a6 6. Bg5 Nbd7 7. Qe2 h6 8. Bh4 g6 9. O-O-O e5 10. Nb3 b5 11. Nd5 g5 12. Bg3 Nxd5 13. exd5 Be7 14. h4 gxh4 15. Bh2 Nf6 16. Qe1 Ng4 17. f4 Nxh2 $11 18. Rxh2 Bg4 19. Be2 h5 20. Bxg4 hxg4 21. fxe5 dxe5 22. Qxe5 Rh6 23. d6 Rxd6 24. Rxd6 Qxd6 25. Qxd6 Bxd6 26. Rxh4 Bf4+ 27. Kd1 O-O-O+ 28. Ke2 f5 29. Rh7 a5 30. c3 Re8+ 31. Kf2 Be3+ 32. Kg3 a4 33. Nd4 Bxd4 34. cxd4 Re2 35. Rf7 Rxb2 36. Rxf5 Kc7 37. Kxg4 Rxg2+ 38. Kf3 Rb2 39. Ke3 Kb6 40. Rf6+ Ka5 41. a3 Rb3+ 42. Kd2 Rxa3 43. d5 Ra2+ 44. Kd3 Ra1 45. Kd2 a3 46. Kc2 Rd1 47. Kb3 Rd3+ 48. Ka2 b4 49. Rf5 Ka4 50. Kb1 b3 51. Rf4+ Kb5 52. Rf1 Rxd5 53. Kc1 Kc4 54. Rf4+ Kc3 0-1

[Event "Baden Youth-ch 2020"]
[Site "Karlsruhe-Durlach"]
[Date "2020.01.03"]
[Round "3.5"]
[White "Wu, Luka"]
[Black "Wang, Xinyuan"]
[Result "1-0"]
[ECO "B28"]
[WhiteElo "2057"]
[BlackElo "2020"]
[Annotator "NA"]
[PlyCount "127"]
[EventDate "2020.01.02"]
[EventType "swiss"]
[EventCountry "GER"]
[SourceTitle "playchess.com"]
[Source "ChessBase"]
[SourceQuality "1"]
[TimeControl "5400+30"]

1. e4 c5 2. Nf3 a6 3. c3 e6 4. d4 d5 5. e5 Bd7 6. Bd3 cxd4 {[%emt 0:00:05] B28: Sicilian: 2 Nf3 a6 (O'Kelly Variation)} 7. cxd4 Bb5 8. Bc2 Nd7 $146 ({Predecessor:} 8... Bb4+ 9. Bd2 a5 10. a3 Bxd2+ 11. Qxd2 Ne7 12. Nc3 Ba6 13. h4 h6 14. Rh3 {1-0 (46) Eliseev,U (2582)-Artemiev,V (2673) Moscow 2016}) 9. Nc3 Ne7 10. Nxb5 axb5 11. O-O Nc6 12. Ng5 h6 13. Qh5 hxg5 14. Qxh8 Nxd4 15. Bd1 Nxe5 16. Qh5 Be7 17. Bd2 Nc4 18. Bc3 Bf6 19. Qg4 (19. Re1 $15 Kf8 20. Qh7) 19... Nf5 20. Be2 Nfd6 21. Bxf6 Qxf6 $11 22. b3 Nd2 23. Qb4 Qf4 24. Bxb5+ Ke7 25. Qxf4 gxf4 26. Rfd1 N2e4 27. Bd3 Nc3 28. Rd2 e5 29. Rc2 d4 30. f3 f5 31. a4 e4 32. Bf1 b5 33. Rd2 d3 34. Re1 Kd7 35. fxe4 fxe4 36. axb5 Ndxb5 37. Bxd3 exd3 38. Rxd3+ Kc6 39. Rc1 Kc5 40. Rdxc3+ Nxc3 41. Rxc3+ Kb4 42. Rc4+ Kxb3 43. Rxf4 Kc3 44. Rf7 g5 45. Rd7 g4 46. Kf2 Rg8 47. Kg3 Kc4 48. Rf7 Kd5 49. Rf4 Ke5 50. Rxg4 Ra8 51. h4 Kf5 52. Rf4+ Kg6 53. Kg4 Ra5 54. g3 Rb5 55. h5+ Kg7 56. Kh4 Kh7 57. g4 Rb6 58. g5 Kh8 59. h6 Rb8 60. g6 Rg8 61. g7+ Kh7 62. Rf8 Rxf8 63. gxf8=Q Kg6 64. Kg4 1-0

[Event "Baden Youth-ch 2020"]
[Site "Karlsruhe-Durlach"]
[Date "2020.01.03"]
[Round "3.6"]
[White "Visvikis, Kassandra"]
[Black "Basovskiy, Jana"]
[Result "0-1"]
[ECO "B48"]
[WhiteElo "1568"]
[BlackElo "1791"]
[Annotator "NA"]
[PlyCount "44"]
[EventDate "2020.01.02"]
[EventType "swiss"]
[EventCountry "GER"]
[SourceTitle "playchess.com"]
[Source "ChessBase"]
[SourceQuality "1"]
[TimeControl "5400+30"]

1. e4 c5 2. Nf3 e6 3. d4 cxd4 4. Nxd4 Nc6 5. Nc3 Qc7 6. Be3 a6 7. a3 b5 8. Bd3 Bb7 9. f3 Nf6 10. O-O Bc5 11. Nf5 Qb6 12. Nxg7+ Kf8 13. Nxe6+ dxe6 14. Bxc5+ Qxc5+ 15. Kh1 Rd8 16. Qc1 Ke7 17. f4 Rhg8 18. e5 Nxe5 19. Rg1 Nxd3 20. cxd3 Qf2 21. Qf1 Ng4 22. Nd1 Qh4 0-1

[Event "Baden Youth-ch 2020"]
[Site "Karlsruhe-Durlach"]
[Date "2020.01.03"]
[Round "3.7"]
[White "Metzinger, Hannes"]
[Black "Doll, Alexander"]
[Result "1-0"]
[ECO "C54"]
[WhiteElo "1903"]
[BlackElo "2127"]
[Annotator "ChessBase"]
[PlyCount "53"]
[EventDate "2020.01.02"]
[EventType "swiss"]
[EventCountry "GER"]
[SourceTitle "playchess.com"]
[Source "ChessBase"]
[SourceQuality "1"]
[TimeControl "5400+30"]

1. e4 e5 2. Nf3 Nc6 3. Bc4 Bc5 4. c3 Nf6 5. d4 exd4 6. cxd4 Bb4+ 7. Nc3 Nxe4 8. O-O Nxc3 9. bxc3 d5 10. cxb4 dxc4 11. d5 Ne7 12. Bb2 Qxd5 13. Qe2 Be6 14. Rad1 Qh5 15. Bxg7 Rg8 16. Be5 c6 17. Rfe1 a6 18. Bg3 Rd8 19. Qe3 Rxd1 20. Rxd1 Qb5 21. Qf4 Qb6 22. Qb8+ Nc8 23. Bh4 c3 24. Rd8+ Qxd8 25. Bxd8 Kxd8 26. Qe5 Bxa2 27. Qa5+ 1-0

[Event "Baden Youth-ch 2020"]
[Site "Karlsruhe-Durlach"]
[Date "2020.01.03"]
[Round "3.8"]
[White "Kraus, Jens"]
[Black "Nass, Maximilian"]
[Result "0-1"]
[ECO "A03"]
[WhiteElo "1592"]
[BlackElo "1937"]
[Annotator "NA"]
[PlyCount "120"]
[EventDate "2020.01.02"]
[EventType "swiss"]
[EventCountry "GER"]
[SourceTitle "playchess.com"]
[Source "ChessBase"]
[SourceQuality "1"]
[TimeControl "5400+30"]

1. f4 d5 2. Nf3 Nf6 3. b3 Nbd7 (3... Bf5 4. Bb2 e6 5. e3 Be7 6. Be2 h6 7. O-O O-O 8. Ne5 Nfd7 9. Bd3 Bxd3 10. Nxd3 Nc6 11. Nc3 d4 12. exd4 Nxd4 13. Ne4 Nf6 14. Ng3 {1-0 (41) Dzagnidze,N (2507)-Girya,O (2470) Stary Smokovec 2018}) 4. Bb2 e6 5. e3 c5 6. Bd3 {[%emt 0:00:18] A03: Bird's Opening with 1...d5} Bd6 7. O-O Qc7 8. c4 e5 $146 ({Predecessor:} 8... O-O 9. Qe1 e5 10. Bc2 dxc4 11. Nc3 cxb3 12. axb3 exf4 {1-0 (23) Ustimenko,A (1555)-Stringa,A (1335) LSS email 2012}) 9. fxe5 Nxe5 10. Nxe5 Bxe5 11. Bxe5 Qxe5 12. Nc3 d4 13. Nb5 dxe3 14. Re1 Ng4 15. g3 a6 16. Na3 O-O $2 (16... Be6 $19 {is more deadly.} 17. dxe3 Rd8) 17. dxe3 Bf5 18. Bxf5 Qxf5 19. Qe2 Rfe8 20. e4 (20. Rf1 $17 Rxe3 21. Qxe3 Nxe3 22. Rxf5 Nxf5 23. Nb1) 20... Rxe4 21. Qc2 Rxe1+ (21... Rae8 $19 {has better winning chances.} 22. Rxe4 Rxe4) 22. Rxe1 Qd7 23. Re4 $2 (23. Qd1 $17 {was necessary.} Qf5 24. Re2) 23... Nf6 (23... f5 $19 24. Re1 Qd4+ 25. Kh1 Nf2+ 26. Kg2 Nd3) 24. Rf4 (24. Re2 $17) 24... Rd8 25. Nb1 Nh5 $17 (25... Qe7 $19 26. Rf2 Qe4 27. Qxe4 Nxe4) 26. Rf2 Re8 27. Qd2 Qxd2 28. Nxd2 Nf6 29. Rf5 b6 30. h3 Rd8 31. Rf2 Rd3 32. Kg2 b5 33. Re2 Kf8 34. cxb5 axb5 35. Kf2 Rxd2 36. Rxd2 Ne4+ 37. Ke3 Nxd2 38. Kxd2 b4 39. Kd3 Ke7 40. Ke4 Ke6 41. g4 g5 42. Kd3 Kd5 43. Ke3 f5 44. gxf5 Ke5 45. Kd3 h5 46. Kc4 g4 47. hxg4 hxg4 48. Kxc5 g3 49. Kxb4 g2 50. a4 g1=Q 51. a5 Kxf5 52. Kb5 Qa7 53. b4 Qb7+ 54. Kc5 Ke6 55. b5 Qc7+ 56. Kb4 Kd5 57. b6 Qc4+ 58. Ka3 Qc3+ 59. Ka4 Kc5 60. b7 Qb4# 0-1

[Event "Baden Youth-ch 2020"]
[Site "Karlsruhe-Durlach"]
[Date "2020.01.03"]
[Round "3.9"]
[White "Wagner, Lena"]
[Black "Grining, Maria"]
[Result "0-1"]
[ECO "D02"]
[WhiteElo "1289"]
[BlackElo "1744"]
[Annotator "NA"]
[PlyCount "44"]
[EventDate "2020.01.02"]
[EventType "swiss"]
[EventCountry "GER"]
[SourceTitle "playchess.com"]
[Source "ChessBase"]
[SourceQuality "1"]
[TimeControl "5400+30"]

1. d4 d5 2. Nf3 Nf6 3. Bf4 e6 4. g3 c5 5. Bg2 Qb6 6. dxc5 Bxc5 7. O-O Nc6 8. Nbd2 e5 9. Nxe5 Nxe5 10. Bxe5 Ng4 11. Nb3 Bxf2+ 12. Kh1 Nxe5 13. Qxd5 Ng4 14. Qf3 Be6 15. h3 h5 16. Qxb7 Rb8 17. Qxb6 Rxb6 18. Na5 h4 19. Bc6+ Rxc6 20. hxg4 hxg3+ 21. Kg2 Bd5+ 22. e4 Bxe4# 0-1

[Event "Baden Youth-ch 2020"]
[Site "Karlsruhe-Durlach"]
[Date "2020.01.03"]
[Round "3.10"]
[White "Ehmann, Johanna"]
[Black "Schneider, Xenia"]
[Result "0-1"]
[ECO "C56"]
[WhiteElo "1846"]
[BlackElo "1332"]
[Annotator "NA"]
[PlyCount "120"]
[EventDate "2020.01.02"]
[EventType "swiss"]
[EventCountry "GER"]
[SourceTitle "playchess.com"]
[Source "ChessBase"]
[SourceQuality "1"]
[TimeControl "5400+30"]

1. e4 e5 2. Nf3 Nc6 3. d4 exd4 4. Bc4 Nf6 5. e5 d5 6. Bb5 Ne4 7. Nxd4 Bd7 8. Bxc6 bxc6 9. O-O Bc5 10. f3 Ng5 11. f4 Ne4 12. Be3 Bxd4 13. Qxd4 O-O $16 14. f5 Qc8 15. f6 Bf5 16. Nc3 Nxc3 17. Qxc3 Qe6 18. Bc5 Rfe8 19. Qg3 Bg6 20. Rae1 Kh8 21. Be7 Rxe7 22. fxe7 Bxc2 23. Rc1 Be4 24. Qc3 Qxe7 25. Qxc6 Re8 26. Qxc7 Qg5 27. Rf2 h6 28. Rcf1 Re7 29. Qd8+ Kh7 30. Qa5 Rxe5 31. Qd2 Qg6 32. Rxf7 Bxg2 33. Qxg2 Rg5 34. R7f2 Rxg2+ 35. Rxg2 Qb6+ 36. Kh1 Qd4 37. Rgf2 Qe4+ 38. Kg1 d4 39. Rg2 d3 40. Rd1 Qe3+ 41. Kh1 Qf3 42. Rdd2 h5 43. Kg1 Qe3+ 44. Rgf2 h4 45. Kf1 g5 46. Rd1 h3 47. Rfd2 Qf3+ 48. Ke1 Qh1+ 49. Kf2 Qxh2+ 50. Ke3 Qf4+ 51. Kxd3 g4 52. Kc3 h2 53. Rd7+ Kg6 54. R7d6+ Kg5 55. R1d5+ Kh4 56. Rd1 Qf3+ 57. Kb4 Kg3 58. R6d3 h1=Q 59. Rxh1 Qxd3 60. a4 Qe4+ 0-1